 Dungeon Crawl Stone Soup version 0.30-a0-862-g1aabd4f9c5 (webtiles) character file.

Game seed: 25009219398980693

9 Esekla the Sneak (level 2, 16/21 HPs)
             Began as an Octopode Delver on Mar 10, 2023.
             Quit the game on level 5 of the Dungeon.
             The game lasted 00:01:05 (29 turns).

Esekla the Sneak (Octopode Delver)                    Turns: 29, Time: 00:01:05

Health: 16/21      AC:  1    Str: 11    XL:     2   Next: 12%
Magic:  2/2        EV: 13    Int: 12    God:
Gold:   8          SH:  0    Dex: 13    Spells: 1/1 levels left

rFire   . . .      SeeInvis .    a - +0 falchion
rCold   . . .      Faith    .    (no shield)
rNeg    . . .      Spirit   .    (helmet restricted)
rPois   .          Reflect  .    (no amulet)
rElec   .          Rampage  .    (no ring)
rCorr   .                        (no ring)
Will    .....                    (no ring)
Stlth   ++++                     (no ring)
HPRegen 0.23/turn                (no ring)
MPRegen 0.08/turn                (no ring)
                                 (no ring)
                                 (no ring)

@: no status effects
A: almost no armour, amphibious, 8 rings, camouflage 1, gelatinous body 1,
(nimble swimmer 1), tentacles
a: no special abilities


You were on level 5 of the Dungeon.
You visited 1 branch of the dungeon, and saw 1 of its levels.

You collected 8 gold pieces.

Inventory:

Hand Weapons
 a - a +0 falchion (weapon)
Wands
 f - a wand of digging (3)
Scrolls
 b - a scroll of fog
 d - a scroll of fear
Potions
 e - a potion of haste


   Skills:
 * Level 3.1 Fighting
 * Level 2.1 Long Blades
 * Level 2.1 Dodging
 + Level 6.9 Stealth
 * Level 0.2 Spellcasting


You had one spell level left.
You didn't know any spells.
Your spell library was empty.

Dungeon Overview and Level Annotations

Branches:
Dungeon (5/15)
 Temple: D:4-7

Altars:


Innate Abilities, Weirdness & Mutations

You cannot wear most types of armour.
You are amphibious.
You can wear up to eight rings at the same time.
Your skin changes colour to match your surroundings (Stealth+).
Your rubbery body absorbs attacks. (AC +1, EV +1)
((You are camouflaged when in or above water. (Stealth+)))
You have tentacles for arms and can constrict up to eight enemies at once.


Message History

Welcome, Esekla the Octopode Delver.
The Orb of Zot is coveted for many reasons.
Will you seize it for your own?
Press ? for a list of commands and other information.
Found an iridescent hand axe.
Found a stone staircase leading down.
Found a scroll labelled JOUCVE BE WEEJ.
An adder comes into view.
There is a stone staircase leading down here.
The adder hisses angrily.
Found 8 gold pieces.
You see here the +5 hand axe "Butosm" {flame, rF+}.
As you read the scroll of magic mapping, it crumbles to dust.
You feel aware of your surroundings. The adder barely misses you.
The adder barely misses you. The adder attacks as you move away!
The adder bites you. The adder attacks as you move away!
The adder bites you but does no damage. The adder misses you.
The adder attacks as you move away! The adder barely misses you.
You see here 8 gold pieces.
You now have 8 gold pieces.
The adder bites you. x2
You closely miss the adder. You grab the adder. You constrict the adder.
The adder barely misses you.
You hit the adder.
The adder is severely wounded.
You constrict the adder. The adder closely misses you. The adder bites you.
You hit the adder.
You kill the adder!
You have reached level 2!
Okay, then.
Are you sure you want to abandon this character and quit the game? (Confirm with "yes".)

,*,,,,,,,,*,*,,,,,.......>.##.#
,*,,,,,,,,*,*,###*####....###.#
,*,,,,,,,,*,*,#..,.....S....#.###
,*,,,,,,,,*,*,#.#*########.#.....
,**********,*,#.# #######.#..###
,<* *,*,#.####............. ,,*
*,*,#.#....#####)#..... ,,*
*,*,#.#.######*#.#..... ,,*
*,*,#.@...........,.... *,*
*,*,#.#.########.#.#### *,*
*,*,#.#...,* #.#.#
*,*********,*,######.# #.#,#
,,,,,,,,,,,,*,,,,,,,,#***#.#,****
*,***********,*****,,,,,,#.#,,,,,
*,* *** *,****,*,****** *,*
*,,,,,,,,,,,,,, *,*
******,,*******


There were no monsters in sight!

Vanquished Creatures
  An adder (D:5)
1 creature vanquished.

Notes
Turn   | Place    | Note
-------+----------+-------------------------------------------
     0 | D:5      | Esekla the Octopode Delver began the quest for the Orb.
     0 | D:5      | Reached XP level 1. HP: 16/16 MP: 1/1
    11 | D:5      | Identified the +5 hand axe "Butosm" {flame, rF+}
    23 | D:5      | Reached XP level 2. HP: 14/21 MP: 2/2
    29 | D:5      | Quit the game

Illustrated notes

Levels and vault maps discovered:
D:5:      layout_basic

Action                     || total
---------------------------++-------
  Melee: Falchion          ||     3
         Constrict         ||     1
    Use: Scroll            ||     1
 Armour: Skin              ||     1
  Dodge: Dodged            ||     6

Table legend: (Time is in decaauts)
 A = Elapsed time spent in this place.
 B = Non-inter-level travel time spent in this place.
 C = Inter-level travel time spent in this place.
 D = Time resting spent in this place.
 E = Time spent auto-exploring this place.
 F = Levels seen in this place.
 G = Mean time per level.
                   A        B        C        D        E       F      G
               +--------+--------+--------+--------+--------+-----+--------+
         Total |     29 |     29 |      0 |      0 |      0 |   1 |   29.0 |
       Dungeon |     29 |     29 |      0 |      0 |      0 |   1 |   29.0 |
               +--------+--------+--------+--------+--------+-----+--------+

Top non-repeatable levels by time:
     D:5: 29 daAuts
